AoeStats
← 一条固执的鱼

African Clearing

506696291Analyzed
3v3 RM · 18d ago on Sep 14, 2026· 38m 34s· 6 players
Game mode
Random Map
Map size
Normal (6 player)
Population
200
Speed
Normal
Resources
Standard
Victory
Conquest
Starting age
Dark Age
Ending age
Imperial Age
RankedLock teamsTeams togetherTeam positionsShared explorationLock speedFull tech treeHidden civsTurbo modeCheats
Victory
Defeat
🇨🇳 Poles · China
1251
+18
🇨🇳 Vietnamese · China
1235
+18
🇨🇳 Mongols · China
1208
+19
🇳🇴 Vietnamese · Norway
1343
-21
🇳🇴 Armenians · Norway
1335
-20
🇳🇴 Georgians · Norway
1169
-14
一条固执的鱼
6:27 Loom
13:53 Feudal Age
18:29 Castle Age
16:50 Double-Bit Axe
17:21 Stone Mining
23:18 Fletching
38:59 Wheelbarrow
809591945
3:17 Loom
13:11 Feudal Age
13:43 Town Watch
14:39 Double-Bit Axe
16:11 Scale Barding Armor
17:26 Forging
24:33 Horse Collar
27:38 Castle Age
30:37 Bloodlines
30:26 Fletching
33:56 Bow Saw
35:45 Heavy Plow
沉着 冷静
13:03 Feudal Age
12:21 Loom
16:43 Castle Age
15:15 Double-Bit Axe
15:44 Horse Collar
19:45 Bow Saw
20:22 Heavy Plow
21:16 Scale Barding Armor
21:59 Scale Mail Armor
24:11 Chain Barding Armor
25:03 Szlachta Privileges
25:09 Forging
27:26 Bloodlines
27:16 Husbandry
28:44 Wheelbarrow
33:12 Iron Casting
37:40 Imperial Age
35:10 Gold Mining
36:14 Hand Cart
35:45 Town Watch
37:50 Cavalier
TheHorse
6:23 Loom
12:57 Feudal Age
13:27 Double-Bit Axe
17:31 Fletching
37:16 Castle Age
38:05 Squires
Minnesbeta
11:00 Loom
14:06 Feudal Age
19:54 Castle Age
18:50 Double-Bit Axe
18:59 Gold Mining
25:04 Fletching
25:26 Padded Archer Armor
25:47 Bodkin Arrow
26:57 Horse Collar
28:27 Bow Saw
31:09 Ballistics
30:51 Heavy Plow
31:31 Gold Shaft Mining
Gudnikk
13:54 Feudal Age
12:14 Loom
13:59 Feudal Age
15:20 Double-Bit Axe
18:15 Castle Age
16:58 Horse Collar
17:34 Scale Barding Armor
22:46 Forging
22:56 Chain Barding Armor
27:03 Fletching
28:56 Bow Saw
31:37 Iron Casting
37:03 Gold Mining
37:04 Stone Mining
37:16 Heavy Plow
Connection lost

Rejoining the realm…

Still unreachable

The connection could not be restored.

Session expired

The server has moved on; the page needs a fresh start.